 Dungeon Crawl Stone Soup version 0.24.1-14-gf8d2b509d9 (webtiles) character file.

Game seed: 17254571454052076195, levelgen mode: deterministic

63 sahdkjhfkaj the Skirmisher (level 3, -3/31 HPs)
             Began as a Draconian Artificer on Oct 16, 2020.
             Killed by nerve-wracking pain
             ... invoked by Jessica
              (12 damage)
             ... on level 3 of the Dungeon.
             The game lasted 00:07:16 (3281 turns).

sahdkjhfkaj the Skirmisher (Draconian Artificer)    Turns: 3281, Time: 00:07:17

Health: -3/31      AC:  5    Str: 15    XL:     3   Next: 89%
Magic:  5/5        EV: 12    Int: 11    God:
Gold:   107        SH:  0    Dex: 11    Spells: 2/2 levels left

rFire    + . .     SeeInvis .     - Unarmed
rCold    . . .     Gourm    .   (no shield)
rNeg     . . .     Faith    .   (armour unavailable)
rPois    .         Spirit   .   (helmet restricted)
rElec    .         Reflect  .   (no cloak)
rCorr    .         Harm     .   (no gloves)
MR       .....                  (no boots)
Stlth    +.........             (no amulet)
HPRegen  0.10/turn              p - ring of protection from fire
MPRegen  0.09/turn              (no ring)

@: about to teleport, slowed, very slow
A: unfitting armour, cold-blooded, AC +5
a: no special abilities


You were on level 3 of the Dungeon.
You were hungry.

You visited 1 branch of the dungeon, and saw 3 of its levels.

You collected 107 gold pieces.

Inventory:

Hand Weapons
 a - a +0 short sword
Missiles
 e - 91 arrows
 k - 67 stones (quivered)
Jewellery
 p - a ring of protection from fire (left hand)
 t - an uncursed ring of ice
Wands
 b - a wand of flame (6)
 c - a wand of enslavement (15)
 d - a wand of random effects (14)
Scrolls
 g - 2 scrolls of blinking
 h - 2 scrolls of teleportation
 j - a scroll of identify {unknown}
 l - a scroll of enchant armour {unknown}
 m - a scroll of magic mapping {unknown}
 o - 2 scrolls of remove curse
 u - a scroll of enchant weapon {unknown}
Potions
 i - a potion of heal wounds {unknown}
 n - 2 potions of degeneration {unknown}
 r - a potion of berserk rage {unknown}
 s - 3 potions of curing {unknown}
Comestibles
 f - 5 rations


   Skills:
 + Level 3.2 Fighting
 - Level 1.0 Short Blades
 - Level 2.0 Dodging
 - Level 0.8 Stealth
 - Level 2.0 Unarmed Combat
 - Level 3.0 Evocations


You had 2 spell levels left.
You didn't know any spells.
Your spell library was empty.

Dungeon Overview and Level Annotations

Branches:
Dungeon (3/15)

Altars:

Annotations:
D:3 Jessica


Innate Abilities, Weirdness & Mutations

Your plain brown scales are hard. (AC +5)
You cannot fit into any form of body armour.
You are cold-blooded and may be slowed by cold attacks.


Message History

You feel as though you will be slow longer.
The goblin barely misses you.
You barely miss Jessica. Jessica barely misses you.
The goblin barely misses you.
Jessica points at you and mumbles some strange words.
Pain shoots through your body!
* * * LOW HITPOINT WARNING * * *
You closely miss Jessica. The goblin hits you but does no damage.
Jessica hits you with a +0 club.
* * * LOW HITPOINT WARNING * * *
The goblin hits you but does no damage.
You closely miss Jessica.
Your tail-slap misses Jessica.
Jessica gestures wildly while chanting.
Jessica blinks!
The goblin hits you.
* * * LOW HITPOINT WARNING * * *
As you read the scroll of teleportation, it crumbles to dust.
You feel strangely unstable. The goblin barely misses you.
Jessica casts a spell at you. Pain shoots through your body!
You die...

#.....## #.....#
#.##### #.# #.#
#.# #.#
..######@#
......g@.#
..#####ยง.......
##.###### #.#
..# ###


You could see Jessica and a goblin.

Vanquished Creatures
  An adder (D:2)
  A worm (D:2)
  3 leopard geckos
  An orc (D:3)
  A giant cockroach (D:1)
  7 goblins
  7 hobgoblins
  8 kobolds
  A quokka (D:3)
  4 bats
  2 frilled lizards (D:2)
  9 rats
45 creatures vanquished.

Notes
Turn   | Place    | Note
-------+----------+-------------------------------------------
     0 | D:1      | sahdkjhfkaj the Draconian Artificer began the quest for the
                  | Orb.
     0 | D:1      | Reached XP level 1. HP: 16/16 MP: 3/3
   271 | D:1      | Reached skill level 1 in Unarmed Combat
   681 | D:1      | Reached XP level 2. HP: 22/24 MP: 4/4
  1676 | D:2      | Reached XP level 3. HP: 24/29 MP: 5/5
  3273 | D:3      | Noticed Jessica
  3281 | D:3      | Killed from afar by Jessica

Levels and vault maps discovered:
D:1:      tarquinn_simple_flora_water_a, layout_basic, minmay_tetromino_i2
D:2:      layout_basic
D:3:      minmay_spotlight, layout_loops_ring, first_ration, uniq_jessica

Skill      XL: |  1  2  3 |
---------------+----------+-----
Unarmed Combat | 1 2 |  2.0
Fighting       | 2 3 |  3.2
Dodging        | 2 |  2.0
Short Blades   | |  1.0
Stealth        | |  0.8
Evocations     | |  3.0

Action                   || total
-------------------------++-------
Melee: Unarmed           ||   209
       Tailslap          ||    21
       Punch             ||     1
Throw: Stone             ||     9
Evoke: Wand              ||    10
  Use: Scroll            ||     5
 Stab: Sleeping          ||     3
  Eat: Chunk             ||     7
Armor: Skin              ||    69
Dodge: Dodged            ||   121
